 Dungeon Crawl Stone Soup version 0.28-a0-385-g79de503ca0 (webtiles) character file.

Game seed: 17433157834169815892

319 Murumi the Chucker (level 6, 0/61 HPs)
             Began as an Ogre Gladiator on Sept 3, 2021.
             Slain by a gnoll (12 damage)
             ... on level 5 of the Dungeon.
             The game lasted 00:16:04 (5565 turns).

Murumi the Chucker (Ogre Gladiator)                 Turns: 5565, Time: 00:16:04

Health: 0/61       AC:  4    Str: 19    XL:     6   Next: 46%
Magic:  6/6        EV: 10    Int: 11    God:
Gold:   187        SH:  0    Dex: 10    Spells: 5/5 levels left

rFire   . . .      SeeInvis .   l - +0 whip
rCold   . . .      Faith    .   (no shield)
rNeg    . . .      Spirit   .   b - +0 robe
rPois   .          Reflect  .   c - +1 hat
rElec   .          Harm     .   q - scarf {shadows}
rCorr   .          Rampage  .   (gloves unavailable)
Will    .....                   (boots unavailable)
Stlth   ++........              i - amulet of magic regeneration
HPRegen 0.20/turn               (no ring)
MPRegen 0.35/turn               (no ring)

@: no status effects
A: large, unfitting armour, tough skin 1
a: no special abilities


You were on level 5 of the Dungeon.
You visited 1 branch of the dungeon, and saw 5 of its levels.

You collected 187 gold pieces.

Inventory:

Hand Weapons
 a - a +1 flail
 l - a +0 whip (weapon)
Missiles
 d - 2 throwing nets
 j - 8 boomerangs
 k - 119 stones (quivered)
 p - 4 silver javelins
 u - a curare-tipped dart
Armour
 b - a +0 robe (worn)
 c - a +1 hat (worn)
 q - a scarf of shadows (worn)
Jewellery
 h - a ring of fire
 i - an amulet of magic regeneration (around neck)
Wands
 f - a wand of digging (6)
 v - a wand of iceblast (5)
Scrolls
 e - 3 scrolls of teleportation
Potions
 g - 2 potions of heal wounds
 m - a potion of mutation {unknown}
 n - a potion of haste {unknown}
 o - a potion of magic {unknown}
 r - a potion of invisibility {unknown}
 s - a potion of brilliance {unknown}
 t - a potion of curing {unknown}


   Skills:
 - Level 3.0 Fighting
 + Level 3.3 Maces & Flails
 - Level 4.0 Throwing
 - Level 1.0 Armour
 - Level 3.0 Dodging
 - Level 3.0 Stealth
 - Level 1.0 Evocations


You had 5 spell levels left.
You didn't know any spells.
Your spell library was empty.

Dungeon Overview and Level Annotations

Branches:
Dungeon (5/15)
 Temple: D:4-7

Altars:
Ru
Trog
Uskayaw

Annotations:
D:4 exclusions: 2 black bears and upstairs


Innate Abilities, Weirdness & Mutations

You are too large for most types of armour.
You have tough skin. (AC +1)


Message History

You closely miss the gnoll.
The gnoll is lightly wounded.
The gnoll hits you with a +0 halberd!
You closely miss the gnoll.
The gnoll is lightly wounded.
You completely miss the gnoll.
The gnoll is lightly wounded.
The gnoll hits you with a +0 halberd!
You hit the gnoll.
The gnoll is moderately wounded.
The gnoll completely misses you.
You closely miss the gnoll.
The gnoll is moderately wounded.
The gnoll misses you.
You hit the gnoll.
The gnoll is moderately wounded.
The gnoll closely misses you.
You hit the gnoll but do no damage.
The gnoll is moderately wounded.
The gnoll hits you with a +0 halberd.
You are too injured to fight recklessly!
You are too injured to fight recklessly!
You are too injured to fight recklessly!
You hit the gnoll but do no damage.
The gnoll is moderately wounded.
The gnoll closely misses you.
You hit the gnoll.
The gnoll is severely wounded.
The gnoll hits you with a +0 halberd.
You barely miss the gnoll.
The gnoll is severely wounded.
The gnoll hits you with a +0 halberd.
You closely miss the gnoll.
The gnoll is severely wounded.
The gnoll hits you with a +0 halberd!
* * * LOW HITPOINT WARNING * * *
You hit the gnoll.
The gnoll is almost dead.
The gnoll hits you with a +0 halberd!
You die...

#. #.# #.##.## # ..#
#.##..# ### #.###.#
#)###.## ####
#......#####
##...###....##...##
##....!##...##.....##
#.......#...#.......#
#..(.g@.'...'.......#
#.......#...#.......#
##.....##...##.....##
##...###...###...##
#### #...# #####
#...# #...#


You could see a gnoll.

Vanquished Creatures
  A bullfrog (D:3)
  A kobold brigand (D:4)
  A hound (D:4)
  An orc priest (D:3)
  An orc wizard (D:5)
  3 adders
  An adder skeleton (D:4)
  2 worms (D:2)
  A dart slug (D:1)
  4 orcs (D:3)
  3 bats
  3 endoplasms
  2 giant cockroaches
  4 goblins
  4 hobgoblins
  5 kobolds
  2 quokkas
  8 ball pythons
  4 frilled lizards
  27 rats
78 creatures vanquished.

Vanquished Creatures (others)
  A fungus (D:2)
  2 plants (D:3)
3 creatures vanquished.

Grand Total: 81 creatures vanquished

Notes
Turn   | Place    | Note
-------+----------+-------------------------------------------
     0 | D:1      | Murumi the Ogre Gladiator began the quest for the Orb.
     0 | D:1      | Reached XP level 1. HP: 22/22 MP: 1/1
   111 | D:1      | Reached XP level 2. HP: 28/31 MP: 2/2
   713 | D:1      | Reached skill level 1 in Stealth
   845 | D:2      | Reached XP level 3. HP: 37/37 MP: 3/3
   991 | D:2      | Found a faded altar of an unknown god.
  1821 | D:2      | Reached XP level 4. HP: 43/45 MP: 4/4
  1884 | D:3      | Noticed a bullfrog
  2078 | D:3      | Reached skill level 3 in Throwing
  2789 | D:3      | Reached skill level 1 in Armour
  3023 | D:3      | Killed a bullfrog
  3024 | D:3      | Reached skill level 1 in Evocations
  3024 | D:3      | Reached XP level 5. HP: 23/53 MP: 5/5
  4015 | D:4      | Found a bloodstained altar of Trog.
  4015 | D:4      | Noticed a black bear
  4292 | D:4      | Noticed a kobold brigand
  4315 | D:4      | Killed a kobold brigand
  4316 | D:4      | Reached skill level 4 in Throwing
  4316 | D:4      | Reached XP level 6. HP: 31/61 MP: 6/6
  4631 | D:4      | Found a hide-covered altar of Uskayaw.
  4663 | D:4      | Found a sacrificial altar of Ru.
  5201 | D:4      | Noticed a black bear
  5232 | D:5      | Entered Level 5 of the Dungeon
  5334 | D:5      | HP: 3/61 [something (2)]
  5565 | D:5      | Slain by a gnoll

Illustrated notes

Levels and vault maps discovered:
D:1:      amcnicky_arrival_feature_with_door, layout_rooms, patterned_corridor
D:2:      layout_rooms, shapermc_ecumenical_altar_acropolis, minmay_rat_hole
D:3:      layout_basic, saegor_snake_ambush
D:4:      layout_loops_ring, trog_ov_bears_minmay, mainiacjoe_overflow_swirl
D:5:      kennysheep_six_static_rooms, layout_loops_corners,
          mainiacjoe_overflow_alcove_2, ebering_ghost_reflecting_pool

Skill      XL: |  1  2  3  4  5  6 |
---------------+-------------------+-----
Fighting       | 3 |  3.0
Maces & Flails | 3 |  3.3
Dodging        | 3 |  3.0
Stealth        | 1 2 3 |  3.0
Throwing       | 3 4 |  4.0
Armour         | 1 |  1.0
Evocations     | 1 |  1.0

Action                   |  1- 3 |  4- 6 || total
-------------------------+-------+-------++-------
Melee: Flail             |    48 |       ||    48
       Whip              |   104 |   190 ||   294
Throw: Stone             |    41 |    19 ||    60
       Javelin           |       |     2 ||     2
       Throwing net      |       |     2 ||     2
  Use: Scroll            |     7 |     3 ||    10
       Potion            |       |     2 ||     2
 Stab: Sleeping          |     2 |     5 ||     7
       Held in net/web   |       |     2 ||     2
Armor: Robe              |    28 |    30 ||    58
       Skin              |       |    10 ||    10
Dodge: Dodged            |    55 |    60 ||   115

Table legend: (Time is in decaauts)
 A = Elapsed time spent in this place.
 B = Non-inter-level travel time spent in this place.
 C = Inter-level travel time spent in this place.
 D = Time resting spent in this place.
 E = Time spent auto-exploring this place.
 F = Levels seen in this place.
 G = Mean time per level.
                   A        B        C        D        E       F      G
               +--------+--------+--------+--------+--------+-----+--------+
         Total |   5594 |   5155 |    439 |    356 |   3849 |   5 | 1118.8 |
       Dungeon |   5594 |   5155 |    439 |    356 |   3849 |   5 | 1118.8 |
               +--------+--------+--------+--------+--------+-----+--------+

Top non-repeatable levels by time:
     D:3: 1921 daAuts
     D:4: 1423 daAuts
     D:2: 1024 daAuts
     D:1: 905 daAuts
     D:5: 319 daAuts
